 Dungeon Crawl Stone Soup version 0.17-a0-1409-ge6d9485 (webtiles) character file.

311 Duffy the Magician (level 6, 0/28 HPs)
             Began as a Spriggan Ice Elementalist on June 22, 2015.
             Slain by a giant frog skeleton (3 damage)
             ... on level 4 of the Dungeon.
             The game lasted 00:05:56 (3686 turns).

Duffy the Magician (Spriggan Ice Elementalist)      Turns: 3686, Time: 00:05:56

Health: 0/28       AC:  2    Str:  4    XL:     6   Next: 18%
Magic:  1/15       EV: 18    Int: 19    God:
Gold:   122        SH:  0    Dex: 16    Spells: 3 memorised, 8 levels left

rFire  . . .     SeeInvis +     b - book of Frost
rCold  . . .     Clarity  .     a - +0 robe
rNeg   . . .     SustAt   .     (shield restricted)
rPois  .         Gourm    .     (helmet restricted)
rElec  .         Spirit   .     (no cloak)
rCorr  .         Warding  .     (gloves unavailable)
rMut   .         Stasis   .     (boots unavailable)
MR     +....                    (no amulet)
Stlth  +++.......               (no ring)
                                m - ring of wizardry

@: very quick, somewhat resistant to hostile enchantments, fairly stealthy
A: unfitting armour, see invisible, herbivore 3, speed 3, slow metabolism 2
a: no special abilities


You were on level 4 of the Dungeon.
You were not hungry.

You visited 1 branch of the dungeon, and saw 4 of its levels.

You collected 122 gold pieces.

Inventory:

Armour
 a - a +0 robe (worn)
 r - a cursed +0 robe
Jewellery
 m - a ring of wizardry (left hand)
Scrolls
 g - a scroll of identify {unknown}
 i - 2 scrolls of blinking {unknown}
 j - a scroll of magic mapping {unknown}
 l - a scroll of teleportation {unknown}
 p - 2 scrolls of recharging {unknown}
 q - a scroll of remove curse {unknown}
 s - a scroll of random uselessness {unknown}
Potions
 d - a potion of degeneration {unknown}
 e - a potion of poison {unknown}
 f - a potion of cure mutation {unknown}
 h - 2 potions of mutation {unknown}
 k - 5 potions of curing {unknown}
 n - a potion of beneficial mutation {unknown}
 o - a potion of invisibility {unknown}
 t - a potion of lignification {unknown}
 u - a potion of haste {unknown}
 v - a potion of magic {unknown}
 x - a potion of brilliance {unknown}
Books
 b - a book of Frost (in hand)

   Spells                             Type                      Level
   a - Freeze                         Ice                          1
   b - Throw Frost                    Conjuration/Ice              2
   c - Ozocubu's Armour               Charms/Ice                   3
   d - Throw Icicle                   Conjuration/Ice              4
   e - Summon Ice Beast               Ice/Summoning                4
   f - Condensation Shield            Ice                          4
Comestibles
 c - 3 bread rations
 w - a royal jelly


   Skills:
 - Level 3.0 Dodging
 - Level 3.0 Stealth
 + Level 5.8 Spellcasting
 - Level 0.6 Conjurations
 + Level 4.4 Ice Magic


You had 8 spell levels left.
You knew the following spells:

 Your Spells              Type           Power        Failure   Level  Hunger
a - Freeze                Ice            ###.         1%          1    None
d - Throw Icicle          Conj/Ice       ###.....     16%         4    ####...
w - Ozocubu's Armour      Chrm/Ice       ##......     6%          3    ##.....


Dungeon Overview and Level Annotations

Branches:
Dungeon (4/15)
 Temple: D:4-7

Altars:
Qazlal

Annotations:
D:3 1 exclusion


Innate Abilities, Weirdness & Mutations

You are tiny and cannot use many weapons and most armour.
You have supernaturally acute eyesight.
You are a herbivore.
You cover ground extremely quickly.
You need consume almost no food.


Message History

The giant frog skeleton misses you.
Casting: Freeze
Confirm with . or Enter, or press ? or * to list all spells.
Aiming: Freeze
Press: ? - help, Shift-Dir - straight line, f/p - giant frog skeleton
Aim: a giant frog skeleton You freeze the giant frog skeleton.
The giant frog skeleton resists.
The giant frog skeleton completely misses you.
Casting: Freeze
Confirm with . or Enter, or press ? or * to list all spells.
You don't have enough magic to cast that spell.
Casting: Freeze
Confirm with . or Enter, or press ? or * to list all spells.
You don't have enough magic to cast that spell.
The orc shouts!
The orc completely misses you. The giant frog skeleton hits you.
The orc hits you with a trident!
The giant frog skeleton barely misses you.
The giant frog skeleton hits you.
You die...

##.###.#
#.# #.# #.#
#.# #.# ..#
#.# #.# ...
... #<# ###
# #.. #.#
#.#.. #.#
...# #.#
#.##.###o#
#......Z@#
.%....#####
#####


You could see an orc and a giant frog skeleton.

Vanquished Creatures
  An ogre (D:4)
  The ghost of Duffy the Magician, a weakling SpIE (D:3)
  A worker ant (D:4)
  7 adders
  4 gnolls (D:2)
  A worm (D:3)
  6 orcs
  A ball python (D:3)
  5 bats
  5 giant cockroaches
  11 hobgoblins
  A quokka (D:3)
  5 giant newts
  7 goblins
  5 jackals
  6 kobolds
  5 rats (D:1)
72 creatures vanquished.

Notes
Turn   | Place    | Note
--------------------------------------------------------------
     0 | D:1      | Duffy the Spriggan Ice Elementalist began the quest for the Orb.
     0 | D:1      | Reached XP level 1. HP: 9/9 MP: 5/5
   316 | D:2      | Reached XP level 2. HP: 11/13 MP: 2/7
   499 | D:2      | You fall through a shaft!
   643 | D:3      | Found a stormy altar of Qazlal.
   710 | D:3      | Reached XP level 3. HP: 16/16 MP: 3/9
   715 | D:3      | Found a faded altar to an unknown god.
  1088 | D:2      | Reached skill level 4 in Spellcasting
  1145 | D:2      | Learned a level 3 spell: Ozocubu's Armour
  1284 | D:2      | Reached XP level 4. HP: 14/21 MP: 6/11
  1385 | D:2      | Learned a level 4 spell: Throw Icicle
  2600 | D:3      | Noticed Duffy's ghost (weakling SpIE)
  2605 | D:3      | Killed Duffy's ghost
  2605 | D:3      | Reached skill level 5 in Spellcasting
  2605 | D:3      | Reached XP level 5. HP: 24/24 MP: 8/13
  3262 | D:4      | Noticed an ogre
  3273 | D:4      | Killed an ogre
  3273 | D:4      | Reached XP level 6. HP: 23/28 MP: 6/15
  3686 | D:4      | Slain by a giant frog skeleton

Vault maps used:
D:1:      lightli_arrival_lavapool, bh_walls_and_bars
D:3:      old_standard_altar, ecumenical_altar_1, uniq_crazy_yiuf_cottage
D:4:      minmay_temple_entry_fiery, minmay_misc_feat_more_columns,
          uniq_blork_the_orc, uniq_purgy

Action                   |  1- 3 |  4- 6 || total
-------------------------+-------+-------++-------
 Cast: Freeze            |    64 |   108 ||   172
